 Seeded DCSS version 0.29.1-15-g9cfb28693d (webtiles) character file.

Game seed: 16245865983455551772 (custom seed)

4 Atreus the Trooper (level 1, 19/19 HPs)
             Began as a Palentonga Berserker on Mar 9, 2023.
             Was a Follower of Trog.
             Quit the game on level 1 of the Dungeon.
             The game lasted 00:00:25 (61 turns).

Atreus the Trooper (Palentonga Berserker)             Turns: 61, Time: 00:00:25

Health: 19/19      AC:  4    Str: 22    XL:     1   Next: 50%
Magic:  1/1        EV:  9    Int:  7    God:    Trog [*.....]
Gold:   0          SH:  0    Dex:  9    Spells: 0/0 levels left

rFire   . . .      SeeInvis +   a - +0 hand axe
rCold   . . .      Faith    .   (no shield)
rNeg    . . .      Spirit   .   b - +0 animal skin
rPois   .          Reflect  .   (no helmet)
rElec   .          Harm     .   (no cloak)
rCorr   .          Rampage  .   (no gloves)
Will    .....                   (no barding)
Stlth   +.........              (no amulet)
HPRegen 0.06/turn               (no ring)
MPRegen 0.07/turn               (no ring)

@: no status effects
A: large, rugged brown scales 3, see invisible, deformed body, roll 1, armoured
tail
a: Rolling Charge, Renounce Religion, Berserk


You were on level 1 of the Dungeon.
You worshipped Trog.
Trog was aware of your devotion.
You visited 1 branch of the dungeon, and saw 1 of its levels.

Inventory:

Hand Weapons
 a - a +0 hand axe (weapon)
Armour
 b - a +0 animal skin (worn)
 d - the +0 barding "Wuifopn" {rElec rC+ Will+}
   (You acquired it on level 1 of the Dungeon)

   rC:        It protects you from cold.
   rElec:     It insulates you from electricity.
   Will:      It increases your willpower.
Jewellery
 e - the amulet of Insomnia {Acrobat Rampage Will+ rCorr SInv}
   (You acquired it on level 1 of the Dungeon)

   [amulet of the acrobat]

   It increases your evasion while moving and waiting.
   SInv:      It lets you see invisible.
   rCorr:     It protects you from acid and corrosion.
   Rampage:   It bestows one free step when moving towards enemies.
   Will:      It increases your willpower.
Scrolls
 c - a scroll of acquirement


   Skills:
 + Level 3.1 Fighting
 + Level 3.1 Axes
 + Level 1.6 Armour
 + Level 1.6 Dodging


You couldn't memorise any spells.
You didn't know any spells.
Your spell library was empty.

Dungeon Overview and Level Annotations

Branches:
Dungeon (1/15)

Altars:


Innate Abilities, Weirdness & Mutations

You are completely covered in rugged brown scales. (AC +3, +7% HP)
You have supernaturally acute eyesight. (SInv)
Armour fits poorly on your strangely shaped body.
You can roll at nearby foes to attack.
You have a long armoured tail.


Message History

Press ? for a list of commands and other information.
Found a sling.
Found a staircase leading out of the dungeon.
Unknown command.
Found two escape hatches in the floor.
Found a dagger.
A goblin comes into view. It is wielding a +0 dagger.
The goblin shouts!
A quokka comes into view.
An endoplasm comes into view.
The endoplasm quivers.
You hit the goblin. Your punch misses the goblin.
The goblin is severely wounded.
The goblin hits you but does no damage.
You slash the goblin!
You kill the goblin!
Trog accepts your kill.
The quokka bites you but does no damage.
You miss the quokka. The quokka barely misses you.
You hit the quokka.
You kill the quokka!
Trog accepts your kill. The endoplasm closely misses you.
Things that are here:
a +0 dagger; a quokka corpse; a goblin corpse The endoplasm barely misses you.
Found 3 scrolls labelled WAC GOIFOFITOUPLEC.
The endoplasm barely misses you. The endoplasm hits you.
You slash the endoplasm!
You kill the endoplasm!
Trog accepts your kill.
c - 3 scrolls labelled WAC GOIFOFITOUPLEC
There are no items here.
This is a scroll of acquirement!
Something appears at your feet!
d - the +0 barding "Wuifopn" {rElec rC+ Will+} Something appears at your feet!
e - the amulet of Insomnia {Acrobat Rampage Will+ rCorr SInv} Are you sure you want to abandon this character and quit the game? (Confirm with "yes".)

# .# #.#
######..###
#.@........
.......#..#.....
#.##...#..# ...
#...###.## #
#... #..# ...#
#..# ##.## ....
#..#.r #..#
....#
#.##...##.##
....# #....
#..#.....#


There were no monsters in sight!

Vanquished Creatures
  An endoplasm (D:1)
  A goblin (D:1)
  A quokka (D:1)
3 creatures vanquished.

Notes
Turn   | Place    | Note
-------+----------+-------------------------------------------
     0 | D:1      | Atreus the Palentonga Berserker began the quest for the
                  | Orb.
     0 | D:1      | Reached XP level 1. HP: 19/19 MP: 1/1
    57 | D:1      | Identified 3 scrolls of acquirement
    57 | D:1      | Acquired the +0 barding "Wuifopn" {rElec rC+ Will+}
    59 | D:1      | Acquired the amulet of Insomnia {Acrobat Rampage Will+
                  | rCorr SInv}
    61 | D:1      | Quit the game

Illustrated notes

Levels and vault maps discovered:
D:1:      minmay_arrival_hallway, layout_loops_corners, basic_ecumenical_altar,
          minmay_unequal

Action                   || total
-------------------------++-------
Melee: Hand axe          ||     5
  Use: Scroll            ||     2
Armor: Animal skin       ||     2
Dodge: Dodged            ||     4
